 Dungeon Crawl Stone Soup version 0.23.0 (webtiles) character file.

Game seed: 8685434942717608536

232 poirepourri the Chopper (level 5, -3/46 HPs)
             Began as a Deep Dwarf Fighter on Feb 14, 2019.
             Slain by a killer bee (6 damage)
             ... on level 4 of the Dungeon.
             The game lasted 00:02:02 (1918 turns).

poirepourri the Chopper (Deep Dwarf Fighter)        Turns: 1918, Time: 00:02:03

Health: -3/46      AC:  6    Str: 19    XL:     5   Next: 73%
Magic:  3/3        EV:  7    Int:  9    God:
Gold:   166        SH:  9    Dex: 13    Spells: 4/4 levels left

rFire    . . .     SeeInvis .   a - +1 war axe
rCold    . . .     Gourm    .   c - +0 shield
rNeg     . . .     Faith    .   b - +0 scale mail
rPois    .         Spirit   .   (no helmet)
rElec    .         Reflect  .   (no cloak)
rCorr    .         Harm     .   (no gloves)
MR       .....                  (no boots)
Stlth    ..........             e - amulet of the acrobat
HPRegen  0.00/turn              (no ring)
MPRegen  0.08/turn              (no ring)

@: lethally poisoned (-3 -> -25), non-regenerating
A: damage resistance, heal wounds, sense surroundings 1, no regeneration
a: Heal Wounds


You were on level 4 of the Dungeon.
You were full.

You visited 1 branch of the dungeon, and saw 4 of its levels.

You collected 166 gold pieces.

Inventory:

Hand Weapons
 a - a +1 war axe (weapon)
Armour
 b - a +0 scale mail (worn)
 c - a +0 shield (worn)
Jewellery
 e - an amulet of the acrobat (around neck)
Scrolls
 g - a scroll of magic mapping
Potions
 d - a potion of might
 h - a potion of flight
 j - a potion of brilliance
 k - 2 potions of agility
Comestibles
 f - 5 rations


   Skills:
 - Level 2.6 Fighting
 + Level 6.7 Axes
 - Level 3.2 Armour
 - Level 3.2 Shields


You had 4 spell levels left.
You didn't know any spells.
Your spell library was empty.

Dungeon Overview and Level Annotations

Branches:
Dungeon (4/15)
 Temple: D:4-7

Altars:
Dithmenos
Gozag
Uskayaw
Wu Jian
Yredelemnul


Innate Abilities, Weirdness & Mutations

You are resistant to damage.
You can heal yourself by infusing magical energy.
You passively map a small area around you.
You do not regenerate.


Message History

The killer bee poisons you!
The killer bee stings you but does no damage.
The jackal barely misses you. The killer bee stings you.
Unknown command.
Unknown command.
Unknown command.
You hit the killer bee.
The killer bee is moderately wounded.
You miss the killer bee. You closely miss the killer bee.
You barely miss the jackal. You barely miss the killer bee.
* * * LOW HITPOINT WARNING * * *
You feel very sick. The killer bee stings you.
You are lethally poisoned!
The killer bee poisons you! The killer bee barely misses you.
The killer bee closely misses you. The killer bee stings you.
* * * LOW HITPOINT WARNING * * *
You are more poisoned.
The killer bee poisons you! The killer bee stings you!
You die...

, , , , * ,, .##.
, * ..., ... , ..
.... ..##, ... ,
, .... ...#*#...
, ..... #..##.. ,
, #.....##....#
#......#y...## ,
.......y@h...# #
.......y.y...# .#
......##..###....
.#...#!...##... ,
#............. ,
,
##..#...(#......
,
....####._###....
..... #.........
, , .##.
#.<#..... ,


You could see 4 killer bees and a jackal.

Vanquished Creatures
  An ogre (D:3)
  A worker ant (D:3)
  6 adders
  A worm (D:3)
  3 dart slugs
  A leopard gecko (D:2)
  4 orcs (D:3)
  2 ball pythons (D:1)
  4 goblins
  4 hobgoblins
  5 jackals
  A quokka (D:3)
  4 bats
  6 frilled lizards
  7 kobolds
  6 rats
56 creatures vanquished.

Notes
Turn   | Place    | Note
-------+----------+-------------------------------------------
     0 | D:1      | poirepourri the Deep Dwarf Fighter began the quest for the
                  | Orb.
     0 | D:1      | Reached XP level 1. HP: 20/20 MP: 1/1
   167 | D:1      | Reached skill level 3 in Axes
   167 | D:1      | Reached XP level 2. HP: 21/27 MP: 2/2
   774 | D:2      | Found an opulent altar of Gozag.
  1043 | D:2      | Noticed a +0 dagger
  1043 | D:2      | Noticed a +0 dagger
  1047 | D:2      | Found a hide-covered altar of Uskayaw.
  1067 | D:2      | Reached skill level 4 in Axes
  1067 | D:2      | Reached XP level 3. HP: 14/33 MP: 2/2
  1324 | D:2      | Found a basalt altar of Yredelemnul.
  1406 | D:3      | Noticed an ogre
  1411 | D:3      | Killed an ogre
  1411 | D:3      | Reached skill level 5 in Axes
  1411 | D:3      | Reached XP level 4. HP: 3/40 MP: 3/3
  1411 | D:3      | Reached XP level 5. HP: 4/46 MP: 4/4
  1511 | D:3      | Found a shadowy altar of Dithmenos.
  1516 | D:3      | Reached skill level 6 in Axes
  1901 | D:4      | Found an ornate altar of the Wu Jian Council.
  1918 | D:4      | Slain by a killer bee

Skill      XL: |  1  2  3  4  5 |
---------------+----------------+-----
Axes           | 3 4 5 6 |  6.7
Fighting       | |  2.6
Armour         | |  3.2
Shields        | |  3.2

Action                   |  1- 3 |  4- 6 || total
-------------------------+-------+-------++-------
Melee: War axe           |   100 |    77 ||   177
 Abil: Heal Wounds       |     1 |     3 ||     4
  Use: Scroll            |     6 |     4 ||    10
       Potion            |     1 |     1 ||     2
  Eat: Chunk             |     2 |       ||     2
       Ration            |       |     2 ||     2
Armor: Scale mail        |    27 |    42 ||    69
Dodge: Dodged            |    24 |    36 ||    60
Block: Shield            |    54 |    47 ||   101
